 Dungeon Crawl Stone Soup version 0.17.1-1-g73c8601 (console) character file.

180 Kloppie the Skirmisher (level 5, -1/47 HPs)
             Began as a Centaur Berserker on Dec 20, 2015.
             Was a Believer of Trog.
             Succumbed to a worker ant's poison
             ... on level 4 of the Dungeon.
             The game lasted 00:04:13 (3030 turns).

Kloppie the Skirmisher (Centaur Berserker)          Turns: 3030, Time: 00:04:13

Health: -1/47      AC:  6    Str: 16 (19) XL:     5   Next: 33%
Magic:  5/5        EV: 12    Int:  6      God:    Trog [**....]
Gold:   148        SH:  0    Dex: 15      Spells: 0 memorised, 4 levels left

rFire  . . .     SeeInvis .     a - +0 hand axe
rCold  . . .     Clarity  .     i - +0 scale mail
rNeg   . . .     SustAt   .     (no shield)
rPois  .         Gourm    .     (no helmet)
rElec  .         Spirit   .     (no cloak)
rCorr  .         Warding  .     (no gloves)
rMut   .         Stasis   .     (no barding)
MR     .....                    (no amulet)
Stlth  ++........               (no ring)
                                q - ring of stealth

@: agile, lethally poisoned (-1 -> -18), flying, very quick, not resistant to
hostile enchantments, unstealthy
A: hooves 3, deformed body, speed 2, tough skin 3
a: Berserk, Trog's Hand, Burn Spellbooks, Renounce Religion


You were on level 4 of the Dungeon.
You worshipped Trog.
Trog was pleased with you.
You were very hungry.

You visited 1 branch of the dungeon, and saw 4 of its levels.

You collected 148 gold pieces.

Inventory:

Hand Weapons
 a - a +0 hand axe (weapon)
Armour
 i - a +0 scale mail (worn)
Jewellery
 q - a ring of stealth (left hand)
 x - a cursed ring of loudness {unknown}
Wands
 l - a wand of magic darts (20)
 u - a wand of teleportation (7)
 w - a wand of digging (12)
Scrolls
 b - a scroll of enchant armour {unknown}
 d - a scroll of recharging {unknown}
 h - 3 scrolls of teleportation {unknown}
 j - 2 scrolls of identify {unknown}
 k - 4 scrolls of noise {unknown}
 p - a scroll of immolation {unknown}
 t - a scroll of random uselessness {unknown}
 y - 2 scrolls of blinking {unknown}
Potions
 n - a potion of degeneration
 o - a potion of poison
 s - a potion of mutation {unknown}
Books
 v - an Akashic Record

   Spells                             Type                      Level
   a - Dispersal                      Translocation                6
   b - Malign Gateway                 Summoning/Translocation      7
   c - Disjunction                    Translocation                8
   d - Controlled Blink               Translocation                8
   Trog disapproves of the use of such an item.
 A - a book of Envenomations

   Spells                             Type                      Level
   a - Spider Form                    Transmutation/Poison         3
   b - Alistair's Intoxication        Transmutation/Poison         4
   c - Olgreb's Toxic Radiance        Poison                       4
   d - Poisonous Cloud                Conjuration/Poison/Air       6
   Trog disapproves of the use of such an item.
Comestibles
 c - 3 bread rations
 g - a slice of pizza
 m - 3 meat rations


   Skills:
 + Level 4.8 Fighting
 + Level 4.3 Axes
 - Level 1.3 Armour
 - Level 1.3 Dodging


You had 4 spell levels left.
You didn't know any spells.

Dungeon Overview and Level Annotations

Branches:
Dungeon (4/15)             Temple (0/1) D:4

Altars:
Gozag
Ru
Xom


Innate Abilities, Weirdness & Mutations

You have hooves in place of feet.
Armour fits poorly on your strangely shaped body.
You cover ground very quickly.
You have extremely tough skin (AC +3).


Message History

You feel sick.
The worker ant bites you but does no damage.
You completely miss the worker ant. You kick the worker ant.
The worker ant is moderately wounded.
* * * LOW HITPOINT WARNING * * *
You feel sick. The worker ant bites you.
* * * LOW HITPOINT WARNING * * *
You are more poisoned.
The worker ant poisons you! The worker ant bites you.
* * * LOW HITPOINT WARNING * * *
Drink which item? (? for menu, Esc to quit)
It was a potion of agility.
You feel agile all of a sudden.
* * * LOW HITPOINT WARNING * * *
You feel sick. The worker ant barely misses you.
Drink which item? (? for menu, Esc to quit)
It was a potion of flight.
You feel very buoyant.
You fly up into the air.
You die...

..⌠ #..###.#.##.#
........# #..# #.. #.#
...>..... #..# ..#
........# #..# .# ##.#
.⌠...⌠..###..# #.###..#
........#..####.#.#.#
....#.#............
##.##.##....#.#.....##
#...a@......#........#
#?..#####.#####.........
# #..............#
#########.....## ##...##
##.## ###


You could see a worker ant.

Vanquished Creatures
  A hound (D:4)
  A worker ant (D:4)
  5 adders
  2 oozes (D:3)
  2 worms
  An adder skeleton (D:4)
  4 giant geckos
  An orc (D:3)
  10 bats
  3 giant cockroaches
  5 goblins
  9 hobgoblins
  4 kobolds
  2 quokkas
  6 giant newts
  4 rats
60 creatures vanquished.

Notes
Turn   | Place    | Note
--------------------------------------------------------------
     0 | D:1      | Kloppie the Centaur Berserker began the quest for the Orb.
     0 | D:1      | Reached XP level 1. HP: 19/19 MP: 1/1
   236 | D:1      | Reached XP level 2. HP: 24/26 MP: 2/2
   567 | D:1      | Reached ** piety under Trog
   728 | D:2      | Reached XP level 3. HP: 31/31 MP: 3/3
  1054 | D:2      | Found an opulent altar of Gozag.
  1240 | D:2      | Reached skill level 4 in Fighting
  1243 | D:2      | Reached XP level 4. HP: 26/40 MP: 4/4
  1699 | D:3      | Found a shimmering altar of Xom.
  2392 | D:3      | Found a sacrificial altar of Ru.
  2621 | D:4      | Reached XP level 5. HP: 16/47 MP: 5/5
  3013 | D:4      | Found a staircase to the Ecumenical Temple.
  3028 | D:4      | HP: 2/47 [worker ant (4)]
  3030 | D:4      | Succumbed to a worker ant's poison

Action                   |  1- 3 |  4- 6 || total
-------------------------+-------+-------++-------
Melee: Hand axe          |   111 |    85 ||   196
  Use: Potion            |       |     5 ||     5
  Eat: Chunk             |       |     4 ||     4
